 Dungeon Crawl Stone Soup version 0.16-a0-262-g6fc725f (webtiles) character file.

191 Afay the Changer (level 5, -2/33 HPs)
             Began as an Octopode Transmuter on Aug 25, 2014.
             Was an Initiate of Okawaru.
             Slain by a worker ant (7 damage)
             ... on Level 4 of the Dungeon.
             The game lasted 00:08:01 (3551 turns).

Afay the Changer (Octopode Transmuter)              Turns: 3551, Time: 00:08:02

HP  -2/33        AC  1     Str  9      XL: 5   Next: 70%
MP   9/9         EV 13     Int 17      God: Okawaru [......]
Gold 132         SH  0     Dex 12      Spells:  2 memorised,  4 levels left

rFire  . . .     SeeInvis .       - Unarmed
rCold  . . .     Clarity  .     (no shield)
rNeg   . . .     rCorr    .     (helmet restricted)
rPois  .         rRot     .     (no amulet)
rElec  .         Spirit   .     g - ring of sustain abilities
SustAb +         Warding  .     (no ring)
rMut   .         Stasis   .     (no ring)
Gourm  .                        (no ring)
MR     .....                    (no ring)
                                (no ring)
                                (no ring)
                                (no ring)

@: lethally poisoned, not resistant to hostile enchantments, fairly stealthy
A: almost no armour, amphibious, 8 rings, constrict 8, camouflage 1, gelatinous
body 1
a: Renounce Religion


You were on level 4 of the Dungeon.
You worshipped Okawaru.
Okawaru was noncommittal.
You were near starving.

You visited 1 branch of the dungeon, and saw 4 of its levels.

You collected 132 gold pieces.

Inventory:

Missiles
 b - 33 arrows
Magical devices
 w - a wand of fire (2) {unknown}
Comestibles
 a - 2 bread rations
 j - 3 meat rations
 l - a royal jelly
 q - 5 fruits
 r - 2 beef jerkies
Scrolls
 c - 3 scrolls of teleportation {unknown}
 e - a scroll of enchant armour {unknown}
 h - a scroll of magic mapping {unknown}
 i - 4 scrolls of identify {unknown}
 k - a scroll of fear {unknown}
 m - a scroll of blinking {unknown}
 o - a scroll of immolation {unknown}
 s - a scroll of amnesia {unknown}
 x - a scroll of remove curse {unknown}
Jewellery
 g - a ring of sustain abilities (left tentacle)
Potions
 f - 3 potions of curing
 n - a potion of lignification {unknown}
 p - a potion of haste {unknown}
 t - 2 potions of heal wounds {unknown}
 u - 2 potions of decay {unknown}
 v - a potion of restore abilities {unknown}
Books
 d - a book of Changes

   Spells                             Type                      Level
   *Beastly Appendage                 Transmutation                1
   Sticks to Snakes                   Transmutation                2
   *Spider Form                       Transmutation/Poison         3
   Ice Form                           Ice/Transmutation            4
   Blade Hands                        Transmutation                5


   Skills:
 - Level 1.0 Fighting
 + Level 3.0 Dodging
 - Level 2.2 Stealth
 - Level 3.0 Unarmed Combat
 - Level 2.0 Spellcasting
 + Level 4.8 Transmutations
 - Level 1.0 Poison Magic


You had 4 spell levels left.
You knew the following spells:

 Your Spells              Type           Power        Failure   Level  Hunger
a - Beastly Appendage     Trmt           ###...       2%          1    #......
b - Spider Form           Trmt/Pois      ##........   21%         3    ####...


Dungeon Overview and Level Annotations

Branches:
Dungeon (4/15)
 Temple: D:4-7

Altars:
Nemelex Xobeh
Okawaru

Annotations:
D:3 Afay's ghost, average TrFi


Innate Abilities, Weirdness & Mutations

You cannot wear most types of armour.
You are amphibious.
You can wear up to eight rings at the same time.
You can use your tentacles to constrict many enemies at once.
Your skin changes colour to match your surroundings (Stealth).
Your rubbery body absorbs attacks (AC +1).


Message History

The worker ant barely misses you.
You tentacle-slap the quokka but do no damage.
You grab the quokka. Your squeeze misses the quokka.
The quokka is moderately wounded.
You constrict the quokka. The quokka bites you.
* * * LOW HITPOINT WARNING * * *
The worker ant closely misses you.
You tentacle-slap the quokka.
You kill the quokka!
Okawaru accepts your kill.
Your Dodging skill increases to level 3!
The worker ant closely misses you.
You barely miss the worker ant. Your grab misses the worker ant.
The worker ant is heavily wounded.
You feel sick. The worker ant barely misses you.
You barely miss the worker ant. You grab the worker ant.
The worker ant is heavily wounded.
You constrict the worker ant, but do no damage.
The worker ant bites you!
You die...

#....<........#
#.#.##.####...
#.#.##.# ..
#.#.##.####...#
##.#.##).....>..
.#####....##.........
5............####...#
######....##.####...#
##.......@[....#
##.......a......#
#.###.####..... #.#
#.# .... #.# #.# ...
#.# #.# . #.# #.# #.#
#.#


You could see a worker ant.

Vanquished Creatures
  An orc wizard (D:3)
  A worker ant (D:4)
  8 adders
  2 worms
  2 giant geckos
  2 oozes
  3 orcs (D:3)
  A ball python (D:2)
  A bat skeleton (D:4)
  2 giant cockroaches (D:1)
  3 goblins
  6 hobgoblins
  5 quokkas
  6 bats
  7 giant newts
  6 kobolds
  5 rats
61 creatures vanquished.

Notes
Turn   | Place    | Note
--------------------------------------------------------------
     0 | D:1      | Afay, the Octopode Transmuter, began the quest for the Orb.
     0 | D:1      | Reached XP level 1. HP: 13/13 MP: 3/3
   374 | D:1      | Reached XP level 2. HP: 16/18 MP: 4/4
   575 | D:1      | Reached skill level 1 in Stealth
  1140 | D:2      | Reached XP level 3. HP: 21/23 MP: 6/6
  1145 | D:2      | Learned a level 3 spell: Spider Form
  1628 | D:2      | Found an iron altar of Okawaru.
  1628 | D:2      | Found a sparkling altar of Nemelex Xobeh.
  1634 | D:2      | Became a worshipper of Warmaster Okawaru
  1869 | D:2      | Reached skill level 1 in Poison Magic
  1869 | D:2      | Reached XP level 4. HP: 21/28 MP: 0/7
  1881 | D:2      | HP: 1/28 [goblin/ stone (7)]
  2296 | D:2      | Reached skill level 4 in Transmutations
  3046 | D:3      | Reached XP level 5. HP: 23/33 MP: 5/9
  3496 | D:3      | Noticed Afay's ghost (average TrFi)
  3551 | D:4      | Slain by a worker ant

Action                   |  1- 3 |  4- 6 || total
-------------------------+-------+-------++-------
Melee: Unarmed           |    80 |    95 ||   175
 Cast: Spider Form       |     4 |     3 ||     7
  Use: Potion            |     1 |     1 ||     2
 Stab: Sleeping          |     3 |     4 ||     7
       Distracted        |     1 |     1 ||     2
  Eat: Chunk             |     3 |     3 ||     6
       Pizza             |       |     1 ||     1
